 Dungeon Crawl Stone Soup version 0.29-a0-598-gd8304a5bf4 (webtiles) character file.

Game seed: 5471286361854377032

2505 Shayle the Ducker (level 9, -1/55 HPs)
             Began as a Tengu Brigand on June 16, 2022.
             Was an Initiate of Kikubaaqudgha.
             Slain by a four-headed hydra (3 damage)
             ... on level 8 of the Dungeon.
             The game lasted 00:24:09 (10119 turns).

Shayle the Ducker (Tengu Brigand)                  Turns: 10119, Time: 00:24:09

Health: -1/55      AC:  7    Str: 11    XL:     9   Next: 53%
Magic:  17/17      EV: 18    Int: 15    God:    Kikubaaqudgha [......]
Gold:   262        SH:  4    Dex: 17    Spells: 18/18 levels left

rFire   . . .      SeeInvis .   a - +3 dagger
rCold   . . .      Faith    .   t - +0 buckler
rNeg    . . .      Spirit   .   n - +0 steam dragon scales
rPois   .          Reflect  .   (helmet restricted)
rElec   .          Harm     .   c - +0 cloak
rCorr   .          Rampage  .   v - +0 pair of gloves
Will    .....                   (boots unavailable)
Stlth   +++.......              (no amulet)
HPRegen 0.18/turn               (no ring)
MPRegen 0.15/turn               (no ring)

@: flying quickly and evasively, quick
A: beak, talons 3, nimble flight
a: Renounce Religion


You were on level 8 of the Dungeon.
You worshipped Kikubaaqudgha.
Kikubaaqudgha was noncommittal.
You visited 2 branches of the dungeon, and saw 9 of its levels.

You collected 416 gold pieces.
You spent 154 gold pieces at shops.

Inventory:

Hand Weapons
 a - a +3 dagger (weapon)
 e - a +6 flail of pain
Missiles
 d - 22 poisoned darts
 k - 2 curare-tipped darts (quivered)
 r - 2 throwing nets
Armour
 b - a +0 robe
 c - a +0 cloak (worn)
 n - +0 steam dragon scales (worn)
 t - a +0 buckler (worn)
 v - a +0 pair of gloves (worn)
Jewellery
 q - a ring of magical power
 u - a ring of magical power
 y - an amulet of regeneration
Wands
 l - a wand of digging (2)
Scrolls
 g - 4 scrolls of magic mapping
 h - a scroll of enchant weapon
 A - a scroll of amnesia
Potions
 f - 2 potions of degeneration
 i - a potion of curing
 m - a potion of haste
 o - a potion of invisibility {unknown}
 p - 5 potions of attraction
 s - 2 potions of flight
 x - a potion of might {unknown}
 z - 2 potions of magic
 B - a potion of ambrosia {unknown}


   Skills:
 + Level 6.2 Fighting
 - Level 2.1 Short Blades
 - Level 2.0 Throwing
 + Level 6.6 Dodging
 - Level 6.4 Stealth
 + Level 5.2 Spellcasting
 + Level 4.7 Conjurations
 + Level 4.8 Air Magic


You had 18 spell levels left.
You didn't know any spells.
Your spell library contained the following spells:

 Spells                   Type           Power      Damage    Failure   Level
 Magic Dart               Conj           72%        1d6       3%          1
 Searing Ray              Conj           36%        2d5       4%          2
 Beastly Appendage        Tmut           6%         N/A       22%         1
 Blink                    Tloc           6%         N/A       32%         2
 Wereblood                Tmut           3%         N/A       32%         2
 Inner Flame              Hex/Fire       3%         N/A       54%         3
 Spider Form              Tmut/Pois      3%         N/A       54%         3
 Fulminant Prism          Conj/Hex       5%         3d7       63%         4
 Cause Fear               Hex            1%         N/A       91%         4
 Manifold Assault         Tloc           3%         N/A       99%         5
 Storm Form               Tmut/Air       5%         N/A       100%        7
 Discord                  Hex            1%         N/A       100%        8


Dungeon Overview and Level Annotations

Branches:
Dungeon (8/15)             Temple (1/1) D:5
   Lair: D:8-11

Altars:
Ashenzari
Cheibriados
Dithmenos
Elyvilon
Fedhas
Gozag
Hepliaklqana
Kikubaaqudgha
Makhleb
Nemelex Xobeh
Okawaru
Qazlal
Ru
Sif Muna
Trog
Uskayaw
Vehumet
Wu Jian
Xom
Yredelemnul
Zin
The Shining One

Shops:
D:4 *

Annotations:
D:3 2 transporters, deepdelver's ghost, weakling HOBe
D:5 1 runed translucent door, Crazy Yiuf


Innate Abilities, Weirdness & Mutations

You have a beak for a mouth.
You have claws for feet.
Your magical nature lets you fly swiftly and evasively.


Message History

Aiming: Iceblast
Press: ? - help, Shift-Dir - straight line, f/p - wight
Aim: a wight, wielding a +3 hand axe and wearing a +0 robe (heavily damaged)
The mass of ice explodes!
The iceblast engulfs the four-headed hydra!
The four-headed hydra is heavily wounded.
You hear an angry buzzing noise. x2
A wight comes into view. It is wielding a +0 falchion.
You hit the four-headed hydra. You claw the four-headed hydra.
You peck the four-headed hydra.
The four-headed hydra is severely wounded.
The four-headed hydra bites you! The four-headed hydra misses you.
The four-headed hydra bites you! x2
Unknown command.
You puncture the four-headed hydra! You claw the four-headed hydra.
You peck the four-headed hydra, but do no damage.
The four-headed hydra is severely wounded.
The four-headed hydra bites you!
* * * LOW HITPOINT WARNING * * *
The four-headed hydra completely misses you.
The four-headed hydra bites you.
* * * LOW HITPOINT WARNING * * *
The four-headed hydra bites you but does no damage.
Blink to where?
Press: ? - help, Dir - move target
As you read the scroll of blinking, it crumbles to dust.
Aiming: Iceblast
Press: ? - help, Shift-Dir - straight line, f - four-headed hydra
Aim: a four-headed hydra (severely wounded)
The mass of ice explodes!
The iceblast engulfs the four-headed hydra!
The four-headed hydra is almost dead.
The now-empty wand crumbles to dust.
You hear an angry buzzing noise. x2
The four-headed hydra closely misses you.
The four-headed hydra misses you. The four-headed hydra bites you!
* * * LOW HITPOINT WARNING * * *
The four-headed hydra bites you.
You die...
Kikubaaqudgha rasps: "You have failed me!
Welcome... death!"

####≈#z#≈# . #≈#
..#≈#.#≈#≈#.#≈#
#≈#...#≈#.#≈##
##≈#...#zz.#≈##
##..≈#...#..[#≈##
#....≈#.#≈#z..#≈#
#.....≈#≈.≈#..≈#
#......≈..#≈#D.#
##........##≈#@#
#........####.##
##......#.###..##
#.....###.##...#
#....## #..#...##
##...# ##......#
##.## ##....##
### #....##
######### #....#
##.......#.


You could see a four-headed hydra and 3 wights.

Vanquished Creatures
  A wyvern (D:6)
  A steam dragon (D:7)
  Edmund (D:6)
  A black bear (D:4)
  An ice beast (D:5)
  3 ogres
  A centaur (D:7)
  A kobold brigand (D:6)
  A bullfrog (D:7)
  7 scorpions
  2 necrophages
  4 wights (D:7)
  3 howler monkeys
  A hound (D:5)
  A jelly (D:6)
  3 orc priests
  5 orc wizards
  4 iguanas
  Natasha (thrice) (D:2)
  3 gnolls (D:2)
  3 adders
  A white imp (D:5)
  A worm (D:2)
  12 orcs
  12 endoplasms
  A giant cockroach (D:1)
  4 goblins
  4 hobgoblins
  4 jackals (D:1)
  7 kobolds
  6 quokkas
  11 ball pythons
  7 bats
  2 frilled lizards
  5 rats
127 creatures vanquished.

Vanquished Creatures (collateral kills)
  A hound (D:7)
  An orc (D:7)
2 creatures vanquished.

Grand Total: 129 creatures vanquished

Notes
Turn   | Place    | Note
-------+----------+-------------------------------------------
     0 | D:1      | Shayle the Tengu Brigand began the quest for the Orb.
     0 | D:1      | Reached XP level 1. HP: 12/12 MP: 2/2
   166 | D:1      | Reached XP level 2. HP: 14/17 MP: 3/3
   901 | D:1      | Reached XP level 3. HP: 22/22 MP: 5/5
  1015 | D:1      | Reached skill level 1 in Spellcasting
  1193 | D:2      | Noticed Natasha
  1416 | D:2      | Found a faded altar of an unknown god.
  1430 | D:2      | Killed Natasha
  1525 | D:2      | Reached XP level 4. HP: 27/27 MP: 6/6
  2238 | D:2      | Noticed Natasha
  2247 | D:2      | Killed Natasha
  2248 | D:2      | Gained mutation: Your magical nature lets you fly swiftly
                  | and evasively. [Tengu growth]
  2248 | D:2      | Reached XP level 5. HP: 13/32 MP: 8/8
  2532 | D:2      | Noticed Natasha
  2540 | D:2      | Killed Natasha
  3011 | D:3      | Found a transporter.
  3011 | D:3      | Noticed a small abomination
  3012 | D:3      | Noticed deepdelver's ghost (weakling HOBe)
  3066 | D:3      | Found a transporter.
  3119 | D:3      | Noticed a small abomination
  3380 | D:4      | Found Nudut's Gadget Gallery.
  3384 | D:4      | Bought a wand of iceblast (4) for 88 gold pieces
  3384 | D:4      | Bought a wand of paralysis (4) for 66 gold pieces
  3421 | D:4      | Reached skill level 5 in Stealth
  3421 | D:4      | Reached XP level 6. HP: 10/37 MP: 10/10
  3763 | D:4      | Found an ornate altar of the Wu Jian Council.
  3767 | D:4      | Found a glowing silver altar of Zin.
  3831 | D:4      | Noticed a black bear
  3841 | D:4      | Killed a black bear
  4530 | D:4      | Reached XP level 7. HP: 42/42 MP: 12/12
  4946 | D:5      | Entered Level 5 of the Dungeon
  6051 | D:5      | Reached XP level 8. HP: 22/48 MP: 14/14
  6755 | D:5      | Reached skill level 5 in Dodging
  7093 | D:6      | Reached skill level 5 in Fighting
  7096 | D:6      | Reached skill level 1 in Conjurations
  7097 | D:6      | Reached skill level 1 in Air Magic
  7392 | D:6      | Noticed a wyvern
  7401 | D:6      | Killed a wyvern
  7881 | D:6      | Noticed Edmund
  7888 | D:6      | Killed Edmund
  7889 | D:6      | Reached XP level 9. HP: 52/55 MP: 15/17
  8625 | D:7      | Reached skill level 5 in Spellcasting
  9339 | D:5      | Found a staircase to the Ecumenical Temple.
  9348 | Temple   | Entered the Ecumenical Temple
  9486 | Temple   | Became a worshipper of Kikubaaqudgha
  9826 | D:5      | Found a runed translucent door.
  9827 | D:5      | Noticed Crazy Yiuf
 10108 | D:8      | Noticed a four-headed hydra
 10119 | D:8      | HP: 2/55 [four-headed hydra (9)]
 10119 | D:8      | Slain by a four-headed hydra

Illustrated notes

Levels and vault maps discovered:
D:1:      scummos_arrival_checkerplants, layout_basic
D:2:      layout_basic, hellmonk_ecumenical_altar_leap_of_faith,
          chequers_serial_rivers_small_a, patterned_corridor, uniq_natasha
D:3:      layout_basic, gammafunk_ghost_abyssal_escape
D:4:      layout_basic, grunt_temple_overflow_open, minmay_fountain_box,
          nicolae_shop_gadgets
D:5:      layout_layer_cave, minmay_temple_entry_fiery, uniq_crazy_yiuf_cottage
D:6:      layout_loops_corners, kennysheep_big_empty_room, uniq_edmund
D:7:      layout_rooms, lemuel_flame_loot_1
D:8:      layout_cave_pods, nicolae_water_bricks
Temple:   mainiacjoe_temple_cubbyholes

Skill      XL: |  1  2  3  4  5  6  7  8  9 |
---------------+----------------------------+-----
Spellcasting   | 1 2 3 4 5 |  5.2
Dodging        | 2 3 4 5 6 |  6.6
Fighting       | 3 4 5 6 |  6.2
Stealth        | 5 6 |  6.4
Conjurations   | 3 4 |  4.7
Air Magic      | 3 4 |  4.8
Short Blades   | |  2.1
Throwing       | |  2.0

Action                   |  1- 3 |  4- 6 |  7- 9 || total
-------------------------+-------+-------+-------++-------
Melee: Dagger            |    52 |    99 |   257 ||   408
       Kick              |    16 |    35 |    71 ||   122
       Peck              |     1 |    23 |    48 ||    72
Throw: Dart              |       |     6 |     8 ||    14
       Throwing net      |       |       |     2 ||     2
Evoke: Wand              |       |       |     8 ||     8
  Use: Potion            |       |     3 |     1 ||     4
       Scroll            |       |     7 |    12 ||    19
 Stab: Sleeping          |     9 |    12 |    13 ||    34
       Distracted        |       |     1 |     1 ||     2
       Paralysed         |       |       |     4 ||     4
Armor: Robe              |     8 |    14 |    15 ||    37
       Skin              |       |       |    24 ||    24
       Steam dragon scal |       |       |     3 ||     3
Dodge: Dodged            |    26 |    68 |   134 ||   228
Block: Buckler           |       |     6 |    23 ||    29

Table legend: (Time is in decaauts)
 A = Elapsed time spent in this place.
 B = Non-inter-level travel time spent in this place.
 C = Inter-level travel time spent in this place.
 D = Time resting spent in this place.
 E = Time spent auto-exploring this place.
 F = Levels seen in this place.
 G = Mean time per level.
                   A        B        C        D        E       F      G
               +--------+--------+--------+--------+--------+-----+--------+
         Total |   9637 |   9366 |    271 |   2659 |   5087 |   9 | 1070.8 |
       Dungeon |   9277 |   9054 |    223 |   2659 |   4802 |   8 | 1159.6 |
        Temple |    360 |    313 |     47 |      0 |    285 |   1 |  360.0 |
               +--------+--------+--------+--------+--------+-----+--------+

Top non-repeatable levels by time:
     D:4: 1925 daAuts
     D:5: 1791 daAuts
     D:6: 1489 daAuts
     D:1: 1315 daAuts
     D:2: 1286 daAuts
     D:7: 776 daAuts
     D:3: 640 daAuts
  Temple: 360 daAuts
     D:8: 52 daAuts
